Map: Terrasses de Prion

Players

zidar - Winner!

  • Race: Zerg Zerg
  • League: Silver
  • Spawn Location: 5:00

IceTex

  • Race: Terran Terran
  • Spawn Location: 11:00

VOD

Have the link to the VOD?

Description

Time

  • Played on: Jan. 17, 2016, 1:23 p.m.
  • Length: 14:01
Show
View Real Time Build Order
Export as new Build Order

zidar Zerg - Winner!

Build Orders: Hatch First 

Get SALT Encoding   

  12  0:01  Drone  
  13  0:12  Overlord  
  13  0:17  Drone  
  14  0:30  Drone x2  
  14  0:35  Drone  
  17  0:54  Hatchery  
  16  0:57  Drone  
  16  1:02  Extractor  
  16  1:03  Drone  
  17  1:19  Spawning Pool  
  17  1:22  Drone  
  17  1:30  Drone  
  18  1:37  Overlord  
  18  1:42  Drone  
  19  1:54  Drone  
  20  2:06  Queen  
  20  2:07  Queen  
  23  2:25  Drone x4  
  27  2:39  Zergling x6  
  27  2:40  Zergling x2  
  31  2:47  Metabolic Boost  
  31  2:56  Roach Warren  
  31  2:57  Drone  
  31  3:26  Zergling x6  
  31  3:27  Zergling x4  
  36  3:34  Overlord x2  
  36  3:56  Drone x8  
  44  4:13  Lair  
  44  4:33  Hatchery  
  43  5:01  Drone x2  
  43  5:02  Drone x4  
  43  5:04  Evolution Chamber  
  43  5:05  Evolution Chamber  
  50  5:07  Drone x5  
  50  5:12  Extractor  
  50  5:13  Extractor  
  50  5:48  Queen  
  52  5:52  Roach x3  
  58  6:00  Spore Crawler  
  57  6:12  Extractor  
  56  6:22  Zerg Ground Armor Level 1  
  56  6:24  Zerg Melee Weapons Level 1  
  56  6:29  Queen  
  49  6:49  Roach x4  
  49  6:51  Zergling x2  
  58  6:55  Overlord x4  
  58  7:08  Infestation Pit  
  57  7:17  Roach  
  57  7:18  Roach x11  
  57  7:19  Zergling x6  
  57  7:20  Zergling x10  
  89  7:28  Extractor  
  89  7:29  Extractor  
  87  7:42  Hatchery  
  86  7:46  Ravager  
  86  7:47  Ravager x3  
  90  7:54  Hive  
  90  8:05  Baneling Nest  
  89  8:12  Drone  
  90  8:17  Overlord x5  
  90  8:46  Drone x2  
  92  8:50  Drone x3  
  95  9:20  Ultralisk Cavern  
  95  9:21  Zerg Ground Armor Level 2  
  95  9:22  Zerg Melee Weapons Level 2  
  94  9:59  Spore Crawler  
  93  10:00  Drone x6  
  93  10:01  Drone  
  93  10:07  Chitinous Plating  
  100  10:14  Overlord x3  
  100  10:15  Overlord x2  
  100  10:17  Overseer x3  
  100  10:19  Pneumatized Carapace  
  100  10:52  Overlord x2  
  100  10:53  Overlord x2  
  100  11:12  Burrow  
  100  11:25  Adrenal Glands  
  79  12:15  Ultralisk  
  79  12:16  Ultralisk x4  
  79  12:18  Ultralisk  
  79  12:19  Ultralisk x3  
  79  12:20  Ultralisk  
  79  12:22  Zergling x2  
  134  12:23  Zergling x28  
Show
View Real Time Build Order
Export as new Build Order

IceTex Terran 

Build Orders:  

Get SALT Encoding   

  12  0:02  SCV  
  13  0:14  SCV  
  14  0:26  Supply Depot  
  15  0:32  SCV  
  15  0:48  SCV  
  16  0:50  Barracks  
  16  0:58  Refinery  
  16  1:00  SCV  
  17  1:12  SCV  
  18  1:24  SCV  
  19  1:39  Supply Depot  
  19  1:52  Reaper  
  20  1:59  SCV  
  21  2:09  Barracks  
  21  2:11  SCV  
  22  2:28  SCV  
  22  2:29  Command Center  
  23  2:36  Barracks Tech Lab  
  23  2:41  Orbital Command  
  23  2:59  Factory  
  23  3:31  Barracks Reactor  
  23  3:33  Marauder  
  25  3:54  Marauder  
  27  4:07  Hellion  
  29  4:14  Bunker  
  29  4:28  Hellion  
  30  4:39  Marine x2  
  30  4:42  Marauder  
  30  4:44  Stimpack  
  34  4:49  Starport  
  34  4:57  Marine x2, Factory Tech Lab  
  36  5:04  Marauder  
  38  5:15  Marine x2  
  40  5:22  Refinery  
  40  5:29  Hellion  
  40  5:32  Marine  
  40  5:33  Marine  
  44  5:44  Bunker  
  46  5:50  Marauder  
  46  6:00  Marine x2  
  46  6:01  Hellion  
  50  6:07  Supply Depot  
  50  6:08  SCV x2  
  50  6:09  Supply Depot  
  54  6:11  Marauder  
  54  6:18  Marine x2  
  54  6:20  SCV x2  
  54  6:22  Siege Tank  
  54  6:23  Starport Reactor  
  64  6:32  Marauder, SCV  
  64  6:33  SCV  
  64  6:36  Marine  
  66  6:44  SCV  
  66  6:45  SCV  
  68  6:57  SCV x2  
  68  6:58  Siege Tank  
  73  7:14  SCV  
  75  7:18  Orbital Command  
  75  7:21  Refinery  
  75  7:22  Refinery  
  74  7:26  SCV  
  75  7:31  Engineering Bay  
  75  7:44  Marine x3  
  78  7:55  Liberator  
  78  7:56  Liberator  
  78  7:58  Engineering Bay  
  78  8:06  Marine  
  78  8:12  Supply Depot  
  85  8:35  Supply Depot  
  85  8:59  Supply Depot  
  85  9:06  Marine x2  
  85  9:09  Medivac x2  
  91  9:18  Supply Depot  
  91  9:19  Terran Infantry Weapons Level 1  
  91  9:22  Supply Depot  
  91  9:24  Marine x2  
  91  9:28  SCV x2  
  95  9:38  Medivac  
  95  9:39  Medivac  
  95  9:40  SCV  
  95  9:41  Marine, Supply Depot  
  95  9:42  Marine  
  102  9:45  Supply Depot  
  102  10:02  Command Center  
  102  10:03  Refinery, Sensor Tower  
  102  10:04  Supply Depot  
  102  10:05  Refinery  
  102  10:08  Medivac  
  102  10:09  Medivac  
  102  10:11  Reaper  
  102  10:12  Marine  
  108  10:18  Hellion x2  
  112  10:23  Missile Turret  
  112  10:27  Supply Depot  
  112  10:29  Marine  
  113  10:38  Medivac  
  113  10:39  Hellion x2, Medivac  
  121  10:43  Marine  
  121  10:47  Marine  
  123  11:01  Marine, Hellion x2  
  128  11:05  Marine  
  128  11:08  Medivac  
  128  11:09  Medivac  
  133  11:16  Orbital Command  
  133  11:19  Marine  
  133  11:21  SCV x2  
  133  11:22  Hellion  
  133  11:23  Marine  
  139  11:33  SCV x2  
  139  11:36  Marine  
  142  11:45  SCV x2  
  141  11:57  SCV x2  
  121  12:15  Liberator x2  
  114  12:34  Marine x2  
  119  12:52  Marine x2  
  119  12:58  Liberator x2  
  121  13:09  Marine  
  121  13:10  Marauder, Hellion  
  121  13:11  Hellion  
  134  13:24  Supply Depot  
  134  13:28  Marauder  
  134  13:32  Marauder, Hellion x2  
  99  13:49  Supply Depot  
Tags
 
League
Silver
Matchup
TvZ
Spawn Locations
Cross Positions
Add a new tag
Caveats
  • Supply blocks, unpowered buildings, or Contaminate may cause inaccurate times.
  • Supply counts are checked every 10 seconds.